 Dungeon Sprint DCSS version 0.16.2-12-gd0ad4c3 (webtiles) character file.

3203 Ponchio the Eclecticist (level 9, -6/45 HPs)
             Began as a Deep Elf Fire Elementalist on Sept 21, 2015.
             Was a Priest of Vehumet.
             Killed from afar by a fire dragon (shapeshifter) (37 damage)
             ... with a blast of flame
             ... in the Dungeon (Sprint V: "Ziggurat Sprint").
             The game lasted 00:13:09 (454 turns).

Ponchio the Eclecticist (Deep Elf Fire Elementalist) Turns: 454, Time: 00:13:13

Health: -6/45      AC:  2    Str:  5    XL:     9   Next: 65%
Magic:  28/40      EV: 22    Int: 42    God:    Vehumet [***...]
Gold:   0          SH:  0    Dex: 15    Spells: 3 memorised, 32 levels left

rFire  . . .     SeeInvis .     K - +6 Majin-Bo {vamp, Archmagi MP+6 Int+6}
rCold  . . .     Clarity  .     a - +0 robe
rNeg   . . .     SustAb   .     (no shield)
rPois  .         Gourm    .     (no helmet)
rElec  .         Spirit   .     (no cloak)
rCorr  .         Warding  .     (no gloves)
rMut   .         NoTele   +     (no boots)
MR     .....                    (no amulet)
Stlth  ++........               D - +6 ring of intelligence
                                C - +6 ring of intelligence

@: very slightly contaminated, hasted, very quick, not resistant to hostile
enchantments, unstealthy
A: no striking features
a: Renounce Religion


You were in the Dungeon.
You worshipped Vehumet.
Vehumet was most pleased with you.
You were not hungry.

You visited 1 branch

Inventory:

Hand weapons
 K - the +6 Majin-Bo (weapon) {vamp, Archmagi MP+6 Int+6}
   (You found it in the Dungeon)

   It inflicts no extra harm, but heals its wielder somewhat when it strikes a
   living foe.
   It affects your intelligence (+6).
   It affects your magic capacity (+6).
Armour
 a - a +0 robe (worn)
Jewellery
 A - a +6 ring of dexterity
 B - a +6 ring of dexterity
 C - a +6 ring of intelligence (left hand)
 D - a +6 ring of intelligence (right hand)
 E - a +6 ring of strength
 F - a +6 ring of strength
 M - the ring "Geok" {Contam rElec rC+ MR+ SInv}
   (You found it in the Dungeon)

   [ring of see invisible]

   It protects you from cold.
   It insulates you from electricity.
   It affects your resistance to hostile enchantments.
   It enhances your eyesight.
   It causes magical contamination when unequipped.
Magical devices
 G - a wand of disintegration (3)
 H - a wand of fire (5)
 I - a wand of cold (1)
 J - a wand of draining (1)
Scrolls
 i - 3 scrolls of blinking
 q - 4 scrolls of amnesia
 r - 3 scrolls of recharging
 s - 7 scrolls of fog
 t - a scroll of holy word
 u - 5 scrolls of identify
 v - 5 scrolls of remove curse
 w - 2 scrolls of fear
Potions
 d - 10 potions of curing
 e - 5 potions of heal wounds
 f - 5 potions of haste
 g - 7 potions of magic
 h - 3 potions of berserk rage
 j - 2 potions of brilliance
 k - 2 potions of invisibility
 l - 2 potions of restore abilities
 m - 4 potions of resistance
 o - 5 potions of agility
 p - 5 potions of might
Books
 b - a book of Flames

   Spells                             Type                      Level
   a - Flame Tongue                   Conjuration/Fire             1
   b - Throw Flame                    Conjuration/Fire             2
   c - Conjure Flame                  Conjuration/Fire             3
   d - Inner Flame                    Hexes/Fire                   3
   e - Sticky Flame                   Conjuration/Fire             4
   f - Fireball                       Conjuration/Fire             5
 n - the Handbook of Shifting Sinister Arts
   (You found it in the Dungeon)

   Spells                             Type                      Level
   a - Animate Skeleton               Necromancy                   1
   b - Sublimation of Blood           Necromancy                   2
   c - Animate Dead                   Necromancy                   4
   d - Irradiate                      Conjuration/Transmutation    5
   e - Hydra Form                     Transmutation                6
 L - a book of Conjurations

   Spells                             Type                      Level
   a - Magic Dart                     Conjuration                  1
   b - Searing Ray                    Conjuration                  2
   c - Dazzling Spray                 Conjuration/Hexes            3
   d - Fulminant Prism                Conjuration/Hexes            4
   e - Iskenderun's Mystic Blast      Conjuration                  4
   f - Iskenderun's Battlesphere      Conjuration/Charms           5
Miscellaneous
 y - a disc of storms
Comestibles
 c - 5 bread rations
 x - 40 fruits
 z - 4 meat rations


   Skills:
 + Level 14.3 Dodging
 - Level 2.4 Stealth
 + Level 16.5 Spellcasting
 + Level 14.1 Conjurations
 - Level 3.2 Fire Magic


You had 32 spell levels left.
You knew the following spells:

 Your Spells              Type           Power        Failure   Level  Hunger
a - Flame Tongue          Conj/Fire      #####        1%          1    None
b - Fireball              Conj/Fire      ########..   1%          5    None
c - Dazzling Spray        Conj/Hex       #######.     1%          3    None


Dungeon Overview and Level Annotations

Branches:
Dungeon (1/1)

Altars:
Ashenzari
Cheibriados
Dithmenos
Elyvilon
Fedhas
Gozag
Kikubaaqudgha
Makhleb
Nemelex Xobeh
Okawaru
Qazlal
Ru
Sif Muna
Trog
Vehumet
Xom
Yredelemnul
Zin
The Shining One
Beogh
Jiyva
Lugonu


Message History

Evoke which item? (* to show all) (? for menu, Esc to quit)
Zapping:
J - a wand of draining (3)
Press: ? - help, Shift-Dir - straight line, f/p - fire dragon
Aim: a fire dragon (heavily wounded, lightly drained)
The bolt of negative energy misses the fire dragon.
This wand has 2 charges left.
The fire dragon misses you. The fire dragon closely misses you.
The fire dragon tramples you!
You hold your ground!
Evoke which item? (* to show all) (? for menu, Esc to quit)
Zapping:
J - a wand of draining (2)
Press: ? - help, Shift-Dir - straight line, f/p - fire dragon
Aim: a fire dragon (heavily wounded, lightly drained)
The bolt of negative energy hits the fire dragon.
The fire dragon is drained!
The fire dragon is severely wounded.
This wand has 1 charge left.
The fire dragon breathes flames at you. The blast of flame hits you!
Ouch! That really hurt!
You die...

▓.....▓.....▓.%...▓
▓.....▓.....▓▓▓▓▓▓▓
▓▓▓▓▓▓▓▓▓▓▓▓▓▓
▓..8©8...▓
▓..|))...▓
▓...=....▓
▓....†...▓
▓........▓
▓.▓..D@▓.▓
▓........▓
▓▓▓▓▓▓▓▓▓▓


You could see a fire dragon.

Vanquished Creatures
  A deep elf knight (D)
  2 deep elf summoners (D)
  2 ugly things (D)
  A deep elf priest (D)
  2 spriggans (D)
  2 wolves (D)
  A black bear (D)
  A black bear (shapeshifter) (D)
12 creatures vanquished.

Notes
Turn   | Place    | Note
--------------------------------------------------------------
     0 | D        | Ponchio, the Deep Elf Fire Elementalist, began the quest for the Orb.
     0 | D        | Reached XP level 1. HP: 10/10 MP: 5/5
     0 | D        | Found a viscous altar of Jiyva.
     0 | D        | Found a corrupted altar of Lugonu.
     0 | D        | Found a white marble altar of Elyvilon.
     1 | D        | Found a burning altar of Makhleb.
     1 | D        | Found an iron altar of Okawaru.
     3 | D        | Found a sparkling altar of Nemelex Xobeh.
     3 | D        | Found a basalt altar of Yredelemnul.
     3 | D        | Found a deep blue altar of Sif Muna.
     3 | D        | Found a radiant altar of Vehumet.
     7 | D        | Found a bloodstained altar of Trog.
     7 | D        | Found a shimmering altar of Xom.
    35 | D        | Became a worshipper of Vehumet
    43 | D        | Reached skill level 7 in Spellcasting
    43 | D        | Reached skill level 5 in Conjurations
    43 | D        | Reached XP level 2. HP: 15/15 MP: 7/14
   124 | D        | Entered arena 1.
   124 | D        | Noticed a black bear
   124 | D        | Noticed a wolf
   126 | D        | Killed a black bear
   126 | D        | Reached skill level 5 in Dodging
   126 | D        | Reached skill level 9 in Spellcasting
   126 | D        | Reached XP level 3. HP: 19/19 MP: 19/19
   126 | D        | Reached XP level 4. HP: 24/24 MP: 21/21
   127 | D        | Killed a wolf
   127 | D        | Reached skill level 10 in Spellcasting
   127 | D        | Reached XP level 5. HP: 26/28 MP: 25/25
   132 | D        | Identified the Handbook of Shifting Sinister Arts (You found it in the Dungeon)
   156 | D        | Learned a level 5 spell: Fireball
   159 | D        | Entered arena 2.
   159 | D        | Noticed a spriggan
   159 | D        | Noticed a spriggan
   159 | D        | Noticed a wolf
   160 | D        | Killed a wolf
   160 | D        | Acquired Vehumet's first power
   160 | D        | Offered knowledge of Magic Dart by Vehumet.
   160 | D        | Reached skill level 11 in Spellcasting
   160 | D        | Reached XP level 6. HP: 32/32 MP: 27/27
   161 | D        | Killed a spriggan
   161 | D        | Reached skill level 12 in Spellcasting
   161 | D        | Reached skill level 10 in Conjurations
   161 | D        | Killed a spriggan
   161 | D        | Reached skill level 10 in Dodging
   161 | D        | Reached XP level 7. HP: 30/36 MP: 22/29
   168 | D        | Got the ring "Geok" {Contam rElec rC+ MR+ SInv}
   263 | D        | Entered arena 3.
   263 | D        | Noticed a deep elf knight
   263 | D        | Noticed a deep elf priest
   263 | D        | Noticed a deep elf summoner
   263 | D        | Noticed a deep elf summoner
   266 | D        | Killed a deep elf summoner
   266 | D        | Reached skill level 13 in Spellcasting
   266 | D        | Reached XP level 8. HP: 29/41 MP: 20/31
   266 | D        | Killed a deep elf priest
   266 | D        | Reached skill level 14 in Spellcasting
   267 | D        | Noticed a jumping spider
   267 | D        | Killed a deep elf knight
   267 | D        | Reached skill level 15 in Spellcasting
   267 | D        | Killed a deep elf summoner
   267 | D        | Reached XP level 9. HP: 26/45 MP: 21/34
   433 | D        | Learned a level 3 spell: Dazzling Spray
   434 | D        | Entered arena 4.
   434 | D        | Noticed a fire dragon
   434 | D        | Noticed a black bear
   434 | D        | Noticed a green ugly thing
   434 | D        | Noticed a green ugly thing
   436 | D        | Killed a black bear
   436 | D        | Offered knowledge of Sting by Vehumet.
   436 | D        | Acquired Vehumet's second power
   437 | D        | Killed a green ugly thing
   437 | D        | Reached skill level 16 in Spellcasting
   437 | D        | Killed a green ugly thing
   454 | D        | Killed from afar by a fire dragon (shapeshifter)

Action                   |  1- 3 |  4- 6 |  7- 9 || total
-------------------------+-------+-------+-------++-------
 Cast: Fireball          |       |     1 |     7 ||     8
       Dazzling Spray    |       |       |     1 ||     1
Evoke: Wand              |     1 |     2 |     9 ||    12
  Use: Potion            |     1 |       |     6 ||     7
       Scroll            |       |       |     1 ||     1
  Eat: Fruit             |     2 |       |       ||     2
       Chunk             |       |       |     1 ||     1
